 Dungeon Crawl Stone Soup version 0.30-a0-591-g3c58d2bc28 (webtiles) character file.

Game seed: 13244282948897822384

758 Adrian566 the Slasher (level 7, -7/52 HPs)
             Began as a Demonspawn Gladiator on Jan 6, 2023.
             Mangled by Duvessa
             ... wielding a +2 short sword of freezing
              (9 damage)
             ... on level 4 of the Dungeon.
             The game lasted 00:02:43 (3355 turns).

Adrian566 the Slasher (Demonspawn Gladiator)        Turns: 3355, Time: 00:02:43

Health: -7/52      AC:  5    Str: 14    XL:     7   Next: 50%
Magic:  7/7        EV: 13    Int: 11    God:
Gold:   1265       SH:  0    Dex: 17    Spells: 6/6 levels left

rFire   . . .      SeeInvis .    a - +0 long sword
rCold   . . .      Faith    .    (no shield)
rNeg    . . .      Spirit   .    b - +0 leather armour
rPois   .          Reflect  .    c - +0 helmet
rElec   .          Harm     .    j - scarf {+Inv}
rCorr   .          Rampage  .    (no gloves)
Will    .....                    f - +0 pair of boots
Stlth   ++                       t - amulet of regeneration
HPRegen 1.08/turn                (no ring)
MPRegen 0.10/turn                (no ring)

@: mighty
A: powered by death 1, big brain 1, weakness stinger 1
a: Evoke Invisibility


You were on level 4 of the Dungeon.
You visited 1 branch of the dungeon, and saw 4 of its levels.

You collected 1265 gold pieces.

Inventory:

Hand Weapons
 a - a +0 long sword (weapon)
Missiles
 d - 3 throwing nets (quivered)
 e - a javelin
Armour
 b - a +0 leather armour (worn)
 c - a +0 helmet (worn)
 f - a +0 pair of boots (worn)
 j - a scarf of invisibility (worn)
Jewellery
 h - an amulet of faith
 t - an amulet of regeneration (around neck)
Wands
 n - a wand of light (10)
 u - a wand of roots (13)
Scrolls
 g - a scroll of noise
 k - a scroll of amnesia
 m - 2 scrolls of enchant weapon
Potions
 i - a potion of attraction {unknown}
 l - a potion of lignification {unknown}
 o - a potion of curing {unknown}
 q - a potion of heal wounds {unknown}
 r - a potion of mutation {unknown}
 s - a potion of invisibility {unknown}


   Skills:
 + Level 3.3 Fighting
 * Level 6.8 Long Blades
 + Level 1.8 Throwing
 + Level 2.2 Armour
 + Level 3.3 Dodging
 + Level 1.3 Stealth


You had 6 spell levels left.
You didn't know any spells.
Your spell library contained the following spells:

 Spells                   Type           Power      Damage    Failure   Level
 Kiss of Death            Conj/Necr      0%         2d5       41%         1
 Cigotuvi's Dreadful Rot  Necr/Pois/Air  0%         N/A       54%         2
 Confusing Touch          Hex            0%         N/A       78%         3
 Portal Projectile        Hex/Tloc       0%         N/A       78%         3
 Tukima's Dance           Hex            0%         N/A       78%         3
 Dispel Undead            Necr           0%         3d6       99%         4
 Blade Hands              Tmut           0%         N/A       100%        5
 Death Channel            Necr           0%         N/A       100%        6


Dungeon Overview and Level Annotations

Branches:
Dungeon (4/15)
 Temple: D:4-7

Altars:

Shops:
D:2 *

Annotations:
D:3 2 transporters, Iich's ghost, weakling DsBe
D:4 Dowan; Duvessa


Innate Abilities, Weirdness & Mutations

You regenerate a little health from kills.
You have an unusually large brain. (Int +2)
You have a small tail.


Message History

Duvessa hits you with a +2 short sword of freezing.
Duvessa freezes you.
You hit Duvessa but do no damage. Duvessa barely misses you.
Duvessa hits you with a +2 short sword of freezing!
Duvessa freezes you.
You hit Duvessa but do no damage. Duvessa closely misses you.
Dowan gestures wildly while chanting.
Dowan blinks!
You barely miss Duvessa. Duvessa barely misses you. x2
You hit Duvessa but do no damage.
Your tail-slap misses Duvessa.
Duvessa hits you with a +2 short sword of freezing!
Duvessa freezes you.
You hit Duvessa but do no damage.
Duvessa hits you with a +2 short sword of freezing.
Duvessa freezes you.
Duvessa hits you with a +2 short sword of freezing.
Duvessa freezes you.
* * * LOW HITPOINT WARNING * * *
You are too injured to fight recklessly!
Duvessa is nearby!
Duvessa is nearby!
Unknown command.
You feel very mighty all of a sudden. Duvessa closely misses you.
You hit Duvessa but do no damage. You tail-slap Duvessa.
Duvessa is lightly wounded.
Duvessa misses you.
Duvessa hits you with a +2 short sword of freezing.
* * * LOW HITPOINT WARNING * * *
Duvessa freezes you.
* * * LOW HITPOINT WARNING * * *
You barely miss Duvessa.
Duvessa is lightly wounded.
Duvessa hits you with a +2 short sword of freezing!
* * * LOW HITPOINT WARNING * * *
Duvessa freezes you.
* * * LOW HITPOINT WARNING * * *
Dowan misses you.
Duvessa hits you with a +2 short sword of freezing!
You die...

#.......####.###...#.#
######### ### #####.#
..#.# ###.### #
.:..########......
#.##.#.##............
#.#.[#...............
#.##....#...............
......†.#....>..........
######@#.........######
.......ee...............
.######.##......####....
#.##......# #....
#.###'##### #.... #.#
#.# #.... #.# #.. #####
#.# #### #.


You could see Duvessa (fast) and Dowan.

Vanquished Creatures
  Menkaure (D:4)
  2 ogres (D:4)
  2 phantoms
  A scorpion (D:4)
  2 hounds (D:4)
  A jelly (D:3)
  3 gnolls (D:3)
  5 adders
  An ufetubus (D:4)
  2 worms (D:3)
  A dart slug (D:2)
  9 orcs
  6 ball pythons
  6 endoplasms
  6 giant cockroaches
  5 goblins
  7 hobgoblins
  8 jackals
  3 kobolds
  5 quokkas
  4 bats
  2 frilled lizards (D:3)
  7 rats
89 creatures vanquished.

Notes
Turn   | Place    | Note
-------+----------+-------------------------------------------
     0 | D:1      | Adrian566 the Demonspawn Gladiator began the quest for the
                  | Orb.
     0 | D:1      | Reached XP level 1. HP: 16/16 MP: 1/1
   148 | D:1      | Reached skill level 3 in Long Blades
   191 | D:1      | Gained mutation: You have a small tail. [demonic ancestry]
   191 | D:1      | Reached XP level 2. HP: 22/22 MP: 2/2
  1039 | D:2      | Reached XP level 3. HP: 23/28 MP: 3/3
  1221 | D:2      | Found Egippiw's General Store.
  1645 | D:3      | Reached skill level 4 in Long Blades
  1645 | D:3      | Reached XP level 4. HP: 34/34 MP: 4/4
  1652 | D:3      | Noticed a phantom
  1670 | D:3      | Killed a phantom
  1671 | D:3      | Gained mutation: You regenerate a little health from kills.
                  | [demonic ancestry]
  1671 | D:3      | Reached XP level 5. HP: 17/39 MP: 5/5
  1772 | D:3      | Noticed a phantom
  1974 | D:3      | Reached skill level 1 in Armour
  2259 | D:3      | Found a transporter.
  2440 | D:3      | Reached skill level 5 in Long Blades
  2630 | D:3      | Noticed Iich's ghost (weakling DsBe)
  2631 | D:3      | Found a transporter.
  2723 | D:4      | Identified a scroll of acquirement
  2723 | D:4      | Acquired 1089 gold pieces
  2792 | D:4      | Noticed an ogre
  2801 | D:4      | Killed an ogre
  2802 | D:4      | Gained mutation: You have an unusually large brain. (Int
                  | +2) [demonic ancestry]
  2802 | D:4      | Reached XP level 6. HP: 46/46 MP: 6/6
  2957 | D:4      | Reached skill level 6 in Long Blades
  3142 | D:4      | Reached skill level 1 in Stealth
  3142 | D:4      | Reached XP level 7. HP: 52/52 MP: 7/7
  3163 | D:4      | Noticed Menkaure
  3171 | D:4      | Killed Menkaure
  3342 | D:4      | Noticed Duvessa
  3342 | D:4      | Noticed Dowan
  3355 | D:4      | HP: 2/52 [Duvessa/+2 short sword of freezing (4)]
  3355 | D:4      | Mangled by Duvessa

Illustrated notes

Levels and vault maps discovered:
D:1:      minmay_arrival_split_and_join, layout_loops_corners,
          minmay_tiny_reverse_x
D:2:      layout_loops_ring, serial_shops,
          nicolae_shop_competitors_out_of_business
D:3:      layout_basic, gammafunk_ghost_mausoleum, serial_bayou_ford_a,
          dk_noncrumbling_3
D:4:      minmay_chambers_of_threes, layout_basic, uniq_duvessa, uniq_menkaure

Skill      XL: |  1  2  3  4  5  6  7 |
---------------+----------------------+-----
Long Blades    | 3 4 5 6 |  6.8
Dodging        | 3 |  3.3
Armour         | 1 2 |  2.2
Fighting       | 3 |  3.3
Stealth        | 1 |  1.3
Throwing       | |  1.8

Action                   |  1- 3 |  4- 6 |  7- 9 || total
-------------------------+-------+-------+-------++-------
Melee: Long sword        |   103 |   124 |    72 ||   299
       Tailslap          |     3 |    20 |     8 ||    31
       Punch             |       |     1 |       ||     1
  Use: Scroll            |       |     5 |       ||     5
       Potion            |       |       |     1 ||     1
 Stab: Sleeping          |     1 |       |       ||     1
Armor: Leather armour    |    35 |    37 |    21 ||    93
Dodge: Dodged            |    67 |   109 |    82 ||   258

Table legend: (Time is in decaauts)
 A = Elapsed time spent in this place.
 B = Non-inter-level travel time spent in this place.
 C = Inter-level travel time spent in this place.
 D = Time resting spent in this place.
 E = Time spent auto-exploring this place.
 F = Levels seen in this place.
 G = Mean time per level.
                   A        B        C        D        E       F      G
               +--------+--------+--------+--------+--------+-----+--------+
         Total |   3412 |   3348 |     64 |      0 |   2707 |   4 |  853.0 |
       Dungeon |   3412 |   3348 |     64 |      0 |   2707 |   4 |  853.0 |
               +--------+--------+--------+--------+--------+-----+--------+

Top non-repeatable levels by time:
     D:3: 1102 daAuts
     D:1: 920 daAuts
     D:2: 745 daAuts
     D:4: 644 daAuts
